 Dungeon Crawl Stone Soup version 0.29.1-15-g9cfb28693d (webtiles) character file.

Game seed: 8279826704673285976

28 Eitelfritz the Slasher (level 2, 0/25 HPs)
             Began as a Minotaur Gladiator on Apr 28, 2023.
             Slain by an adder (4 damage)
             ... on level 2 of the Dungeon.
             The game lasted 00:01:44 (1189 turns).

Eitelfritz the Slasher (Minotaur Gladiator)         Turns: 1189, Time: 00:01:45

Health: 0/25       AC:  3    Str: 18    XL:     2   Next: 96%
Magic:  1/1        EV: 12    Int:  5    God:
Gold:   79         SH:  0    Dex: 11    Spells: 1/1 levels left

rFire   . . .      SeeInvis .   a - +0 long sword
rCold   . . .      Faith    .   (no shield)
rNeg    . . .      Spirit   .   b - +0 leather armour
rPois   .          Reflect  .   c - +0 hat
rElec   .          Harm     .   (no cloak)
rCorr   .          Rampage  .   (no gloves)
Will    .....                   (no boots)
Stlth   +.........              (no amulet)
HPRegen 0.08/turn               (no ring)
MPRegen 0.07/turn               (no ring)

@: no status effects
A: horns 2, retaliatory headbutt
a: no special abilities


You were on level 2 of the Dungeon.
You visited 1 branch of the dungeon, and saw 2 of its levels.

You collected 79 gold pieces.

Inventory:

Hand Weapons
 a - a +0 long sword (weapon)
Missiles
 d - 4 throwing nets (quivered)
 e - a javelin
 k - 6 poisoned darts
 o - 5 atropa-tipped darts
Armour
 b - a +0 leather armour (worn)
 c - a +0 hat (worn)
Jewellery
 n - an amulet of faith
 r - a ring of flight
Scrolls
 j - 3 scrolls of identify {unknown}
 l - 2 scrolls of amnesia {unknown}
 m - 2 scrolls of butterflies {unknown}
 p - a scroll of summoning {unknown}
Potions
 f - a potion of might {unknown}
 g - a potion of brilliance {unknown}
 h - 2 potions of lignification {unknown}
 i - 2 potions of heal wounds {unknown}
 q - a potion of flight {unknown}
 s - a potion of attraction {unknown}


   Skills:
 + Level 2.5 Fighting
 + Level 4.4 Long Blades
 + Level 2.0 Throwing
 + Level 1.0 Armour
 + Level 3.6 Dodging


You had one spell level left.
You didn't know any spells.
Your spell library contained the following spells:

 Spells                   Type           Power      Damage    Failure   Level
 Summon Small Mammal      Summ           0%         N/A       54%         1
 Call Canine Familiar     Summ           0%         N/A       88%         3
 Ozocubu's Armour         Ice            0%         N/A       88%         3
 Summon Guardian Golem    Hex/Summ       0%         N/A       88%         3
 Ozocubu's Refrigeration  Ice            0%         4d7       100%        7


Dungeon Overview and Level Annotations

Branches:
Dungeon (2/15)

Altars:


Innate Abilities, Weirdness & Mutations

You have a pair of horns on your head.
You reflexively headbutt those who attack you in melee.


Message History

The kobold closely misses you. You furiously retaliate!
You headbutt the kobold.
You kill the kobold!
r - a ring of flight You see here a +0 long sword.
A goblin comes into view. It is wielding a +0 club.
The goblin shouts!
You hit the goblin but do no damage. The goblin misses you.
You furiously retaliate!
You headbutt the goblin.
You kill the goblin!
s - a brown potion
m - 2 scrolls labelled BOUSIT ZETAT (gained 1)
You see here a +0 club. 4 gnolls come into view.
The gnoll shouts! x3
The gnoll moves out of view.
An adder comes into view.
The gnoll hits you from afar with a +0 spear.
You hit the adder.
The adder is heavily wounded.
The gnoll barely misses you. The adder bites you.
You are poisoned.
The adder poisons you! The gnoll closely misses you.
The gnoll hits you from afar with a +0 halberd.
You closely miss the adder.
The adder is heavily wounded.
You feel sick. The adder bites you. The adder closely misses you.
The gnoll hits you from afar with a +0 spear.
The gnoll barely misses you.
You feel sick.
You feel sick. The adder closely misses you.
The adder attacks as you move away! The adder closely misses you.
You feel sick. The adder attacks as you move away!
The adder bites you but does no damage.
You feel sick.
You feel sick.
You are no longer poisoned.
The adder attacks as you move away! The adder barely misses you.
You furiously retaliate!
You headbutt the adder. The adder bites you.
You die...

#.....###'###.....# #
####.##)..).....#...#.##
#....##...###.#.....#...
##....##...#####.#...)...
.......).................
##.........#####.#.......
#.......### #....#####
##.......# #..#......
......#### #@.#######
##....# ####S.......#
#.....# ###....######.#
#.###.# #.gg#### #.# .#
##g### #.## .####.g#####
...# ##...g....# #..#
#........# #..#
#.........#


You could see an adder.

Vanquished Creatures
  A dart slug (D:1)
  3 bats
  3 giant cockroaches (D:1)
  4 hobgoblins
  2 kobolds
  3 ball pythons (D:1)
  A frilled lizard (D:1)
  4 goblins
  4 rats
25 creatures vanquished.

Notes
Turn   | Place    | Note
-------+----------+-------------------------------------------
     0 | D:1      | Eitelfritz the Minotaur Gladiator began the quest for the
                  | Orb.
     0 | D:1      | Reached XP level 1. HP: 18/18 MP: 0/0
   194 | D:1      | Reached skill level 4 in Long Blades
   379 | D:1      | Reached XP level 2. HP: 22/25 MP: 1/1
   720 | D:1      | Found a faded altar of an unknown god.
   761 | D:1      | Reached skill level 1 in Armour
  1189 | D:2      | Slain by an adder

Illustrated notes

Levels and vault maps discovered:
D:1:      lemuel_arrival_broad_hall, layout_loops_ring,
          hellmonk_ecumenical_altar_leap_of_faith
D:2:      layout_basic, minmay_box_of_dots

Skill      XL: |  1  2 |
---------------+-------+-----
Long Blades    | 4 |  4.4
Armour         | 1 |  1.0
Fighting       | |  2.5
Throwing       | |  2.0
Dodging        | |  3.6

Action                   || total
-------------------------++-------
Melee: Long sword        ||    62
       Headbutt          ||     6
Armor: Leather armour    ||    13
Dodge: Dodged            ||    52
